 Dungeon Crawl Stone Soup version 0.29.1-2-gbd0b4ee654 (webtiles) character file.

Game seed: 943957807383346489

3368 H0rd4k the Cruncher (level 10, -2/71 HPs)
             Began as an Octopode Artificer on Nov 30, 2022.
             Was an Initiate of Gozag.
             Slain by a hornet (5 damage)
             ... on level 7 of the Dungeon.
             The game lasted 00:09:49 (9806 turns).

H0rd4k the Cruncher (Octopode Artificer)            Turns: 9806, Time: 00:09:50

Health: -2/71      AC: 15    Str: 11    XL:     10   Next: 3%
Magic:  0/18       EV: 13    Int: 18    God:    Gozag
Gold:   1099       SH:  0    Dex: 13    Spells: 19/19 levels left

rFire   x . .      SeeInvis .   t - +7 staff of the Meek {protect, meekguard}
rCold   + . .      Faith    .   (shield currently unavailable)
rNeg    . . .      Spirit   +   (helmet restricted)
rPois   .          Reflect  .   u - amulet of guardian spirit
rElec   .          Harm     .   v - ring of ice
rCorr   .          Rampage  .   (no ring)
Will    .....                   (no ring)
Stlth   +++.......              (no ring)
HPRegen 0.21/turn               (no ring)
MPRegen 0.16/turn               (no ring)
                                (no ring)
                                (no ring)

@: under a protective aura, slowed, very slow
A: almost no armour, amphibious, 8 rings, camouflage 1, gelatinous body 1,
(nimble swimmer 1), tentacles
a: Renounce Religion, Potion Petition, Call Merchant, Bribe Branch


You were on level 7 of the Dungeon.
You worshipped Gozag.
Gozag was most pleased with you.
You visited 2 branches of the dungeon, and saw 8 of its levels.
You also visited: Sewer.

You collected 1157 gold pieces.
You paid 58 gold pieces to Gozag.

Inventory:

Hand Weapons
 s - the +4 falchion of Ynnoteku {vorpal, rN+ Will- Dex+4}
   (You found it on level 4 of the Dungeon)

   It inflicts extra damage upon your enemies.
   Dex:       It affects your dexterity (+4).
   rN:        It protects you from negative energy.
   Will:      It decreases your willpower.
 t - the +7 staff of the Meek (weapon) {protect, meekguard}
   (You found it on level 4 of the Dungeon)

   It grants its wielder temporary protection when it strikes (+7 to AC).
   It provides extra protection to wielders with little health.
Missiles
 e - 28 poisoned darts
Jewellery
 u - an amulet of guardian spirit (around mantle)
 v - a ring of ice (left tentacle)
 H - a ring of positive energy
Wands
 b - a wand of flame (11) (quivered)
 c - a wand of charming (10)
 y - a wand of polymorph (15)
 G - a wand of digging (4)
Scrolls
 d - 2 scrolls of blinking {unknown}
 f - 8 scrolls of teleportation {unknown}
 g - 8 scrolls of identify {unknown}
 j - 3 scrolls of brand weapon {unknown}
 k - a scroll of amnesia {unknown}
 l - a scroll of summoning {unknown}
 q - 2 scrolls of magic mapping {unknown}
 r - 7 scrolls of enchant armour {unknown}
 w - 2 scrolls of fear {unknown}
Potions
 a - 3 potions of haste {unknown}
 h - 2 potions of attraction {unknown}
 i - a potion of brilliance {unknown}
 m - 2 potions of mutation {unknown}
 n - 2 potions of ambrosia {unknown}
 o - 4 potions of curing {unknown}
 p - 3 potions of cancellation {unknown}
 x - 2 potions of heal wounds {unknown}
 z - a potion of resistance {unknown}
 A - a potion of magic {unknown}
 B - 2 potions of degeneration {unknown}
 C - a potion of invisibility {unknown}
 D - a potion of might {unknown}
 E - 2 potions of berserk rage {unknown}
 F - a potion of flight {unknown}


   Skills:
 * Level 7.2 Fighting
 + Level 1.0 Long Blades
 + Level 8.2 Staves
 - Level 2.3 Dodging
 - Level 1.3 Stealth
 + Level 5.6 Unarmed Combat
 * Level 5.3 Spellcasting
 - Level 3.2 Evocations


You had 19 spell levels left.
You didn't know any spells.
Your spell library contained the following spells:

 Spells                   Type           Power      Damage    Failure   Level
 Freeze                   Ice            28%        1d5       13%         1
 Magic Dart               Conj           16%        1d3       13%         1
 Searing Ray              Conj           8%         2d4       19%         2
 Frozen Ramparts          Ice            14%        1d3       36%         3
 Portal Projectile        Hex/Tloc       8%         N/A       36%         3
 Tukima's Dance           Hex            4%         N/A       36%         3
 Fulminant Prism          Conj/Hex       2%         3d6       77%         4
 Hailstorm                Conj/Ice       7%         3d4       77%         4
 Blade Hands              Tmut           2%         N/A       98%         5


Dungeon Overview and Level Annotations

Branches:
Dungeon (7/15)             Temple (1/1) D:4           Sewer (visited)

Altars:
Ashenzari
Cheibriados
Dithmenos
Gozag
Hepliaklqana
Kikubaaqudgha
Makhleb
Nemelex Xobeh
Okawaru
Qazlal
Vehumet
Xom
Yredelemnul
Zin
The Shining One

Shops:
D:2 ?   D:7 ?([*=

Annotations:
D:6 exclusion: downstairs


Innate Abilities, Weirdness & Mutations

You cannot wear most types of armour.
You are amphibious.
You can wear up to eight rings at the same time.
Your skin changes colour to match your surroundings (Stealth+).
Your rubbery body absorbs attacks. (AC +1, EV +1)
((You are camouflaged when in or above water. (Stealth+)))
You have tentacles for arms and can constrict up to eight enemies at once.


Message History

You hit the white ugly thing.
The white ugly thing is heavily wounded.
You constrict the white ugly thing.
You feel sick. The white ugly thing pecks you.
The white ugly thing freezes you! You resist.
Unknown command.
Aiming: Charm
Press: ? - help, Shift-Dir - straight line, f - white ugly thing
Aim: a white ugly thing (heavily wounded, constricted by you, chance to affect: 39%)
The white ugly thing resists with some effort.
You constrict the white ugly thing.
You feel sick. The white ugly thing pecks you.
The white ugly thing freezes you! You resist.
* * * LOW HITPOINT WARNING * * *
Okay, then.
Unknown command.
Aiming: Charm
Press: ? - help, Shift-Dir - straight line, f/p - white ugly thing
Aim: a white ugly thing (heavily wounded, constricted by you, chance to affect: 39%)
The white ugly thing resists with some effort.
You constrict the white ugly thing, but do no damage.
You feel sick. The hornet stings you.
* * * LOW HITPOINT WARNING * * *
You feel yourself slow down. The white ugly thing barely misses you.
Aiming: Charm
Press: ? - help, Shift-Dir - straight line, f/p - white ugly thing
Aim: a white ugly thing (heavily wounded, constricted by you, chance to affect: 39%)
The white ugly thing is charmed.
You release your grip on your white ugly thing.
You feel sick.
You are no longer poisoned.
The hornet stings you!
* * * LOW HITPOINT WARNING * * *
You feel as though you will be slow longer.
The hornet stings you but does no damage.
Okay, then.
You thump the hornet! You grab the hornet. You squeeze the hornet.
The hornet is heavily wounded.
You constrict the hornet, but do no damage.
The hornet stings you!
You die...
Your body crumbles into a pile of gold.

##### #...# ##### #..
##...###...###...##
#####.....##...##.....##
...#.......#.gu#.......#
####.......'...'....[..#
#.......#...#.......# $
###.....##...##.....##
###.##...##....u##...##
#....#####...#.#@#####
#.#####..##..#.y.# #<#
#..##..##### #.#
#..##..# #.# #..##..#
#)#####..##..#
#........##..#
.........##..#
#..########..###### $


You could see a hornet (ally target), a gnoll sergeant and a friendly white ugly
thing (charmed).

Vanquished Creatures
  Pikel (D:5)
  A hornet (D:7)
  Menkaure (D:7)
  An acid dragon (D:7)
  A water moccasin (D:7)
  Pargi (Sewer)
  2 sky beasts
  An ice beast (D:5)
  2 black bears
  An ogre (D:4)
  A centaur (D:7)
  4 lemures (D:5)
  2 phantoms
  2 kobold brigands (D:6)
  A bullfrog (D:7)
  2 gnoll sergeants (D:6)
  3 scorpions
  4 wights (D:7)
  5 hounds
  3 orc priests
  A jelly (D:5)
  A gnoll bouda (D:5)
  3 iguanas
  15 gnolls
  7 adders
  2 shadow imps (D:6)
  An ufetubus (D:5)
  3 worms
  3 dart slugs
  22 orcs
  9 ball pythons
  4 endoplasms
  3 giant cockroaches (D:5)
  4 hobgoblins
  2 jackals (D:1)
  6 quokkas
  9 bats
  9 frilled lizards
  6 goblins
  19 kobolds
  9 rats
177 creatures vanquished.

Vanquished Creatures (collateral kills)
  A howler monkey (D:6)
  A gnoll (D:3)
  A white imp (D:7)
  2 orcs
5 creatures vanquished.

Vanquished Creatures (others)
  Duvessa (D:7)
  An orc warrior (D:6)
  A bullfrog (D:7)
  2 gnolls (D:3)
  An adder (D:3)
  An orc (D:3)
  17 plants (D:4)
24 creatures vanquished.

Grand Total: 206 creatures vanquished

Notes
Turn   | Place    | Note
-------+----------+-------------------------------------------
     0 | D:1      | H0rd4k the Octopode Artificer began the quest for the Orb.
     0 | D:1      | Reached XP level 1. HP: 13/13 MP: 1/1
    58 | D:1      | Found a faded altar of an unknown god.
   269 | D:1      | Reached XP level 2. HP: 18/18 MP: 3/3
   272 | D:1      | Reached skill level 1 in Spellcasting
  1032 | D:1      | Reached XP level 3. HP: 24/24 MP: 5/5
  1328 | D:2      | Reached skill level 1 in Unarmed Combat
  2074 | D:2      | Found Rianig's Magic Scroll Boutique.
  2189 | D:2      | Reached XP level 4. HP: 24/30 MP: 6/6
  3722 | D:3      | Reached XP level 5. HP: 6/35 MP: 8/8
  4009 | D:3      | Found an iron altar of Okawaru.
  4231 | D:3      | Found a broken altar of Ashenzari.
  4572 | D:4      | Noticed a phantom
  4575 | D:4      | Reached XP level 6. HP: 28/42 MP: 9/9
  4590 | D:4      | Found a glowing golden altar of the Shining One.
  5014 | D:4      | Found a staircase to the Ecumenical Temple.
  5083 | Temple   | Entered the Ecumenical Temple
  5329 | Temple   | Became a worshipper of Gozag Ym Sagoz the Greedy
  5404 | D:4      | Identified the +4 falchion of Ynnoteku {vorpal, rN+ Will-
                  | Dex+4}
  5482 | D:4      | Found the +7 staff of the Meek {protect, meekguard}
  5804 | D:4      | Reached XP level 7. HP: 39/46 MP: 11/11
  5882 | D:4      | Found a snail-covered altar of Cheibriados.
  5923 | D:5      | Entered Level 5 of the Dungeon
  5929 | D:5      | Found a sparkling altar of Nemelex Xobeh.
  5962 | D:5      | Reached skill level 5 in Unarmed Combat
  6173 | D:5      | Found a glowing drain.
  6182 | Sewer    | Entered a sewer
  6372 | Sewer    | Noticed Pargi
  6376 | Sewer    | Killed Pargi
  6377 | Sewer    | Reached skill level 1 in Staves
  6669 | D:5      | Reached skill level 1 in Long Blades
  6669 | D:5      | Reached skill level 2 in Staves
  6669 | D:5      | Reached XP level 8. HP: 53/54 MP: 13/13
  6731 | D:5      | Noticed Pikel
  6761 | D:5      | Killed Pikel
  6762 | D:5      | Reached skill level 5 in Fighting
  6762 | D:5      | Reached skill level 4 in Staves
  7384 | D:6      | Reached skill level 5 in Staves
  7558 | D:6      | Reached XP level 9. HP: 44/61 MP: 12/15
  7787 | D:6      | Reached skill level 6 in Staves
  8754 | D:7      | Found Kogigur's Antique Weapon Shop.
  8774 | D:7      | Found Tugu's Magic Scroll Boutique.
  8801 | D:7      | Found Rufyugot's General Store.
  8851 | D:7      | Found Muqos's Antique Armour Shoppe.
  8948 | D:7      | Noticed a troll
  8952 | D:7      | Reached skill level 7 in Staves
  9253 | D:7      | Reached skill level 5 in Spellcasting
  9346 | D:7      | Noticed Menkaure
  9357 | D:7      | Killed Menkaure
  9615 | D:7      | Found Hokagg's Jewellery Shop.
  9695 | D:7      | Noticed a hornet
  9723 | D:7      | Killed a hornet
  9724 | D:7      | Reached skill level 8 in Staves
  9724 | D:7      | Reached XP level 10. HP: 66/71 MP: 17/17
  9788 | D:7      | Noticed Duvessa
  9791 | D:7      | Noticed a white ugly thing
  9799 | D:7      | Your ally Duvessa died
  9805 | D:7      | HP: 3/71 [hornet (7)]
  9806 | D:7      | Slain by a hornet

Illustrated notes

Levels and vault maps discovered:
D:1:      scummos_arrival_simple_fountains, layout_basic,
          hellmonk_ecumenical_altar_blasted, minmay_pentomino_t2
D:2:      layout_basic, serial_shops, nicolae_shop_window_shopping
D:3:      layout_loops_ring, mainiacjoe_overflow_alcove_4, ashenzari_altar_1,
          st_stairs_9, solitary_fountain, grunt_decor_arrowhead
D:4:      layout_rooms, mainiacjoe_overflow_cross_hatched,
          mainiacjoe_overflow_surrounded_room, minmay_temple_entry_nine_rooms,
          pf_guarded_unrand_meek
D:5:      minmay_inner_zag, layout_basic, amcnicky_altar_gilded,
          portal_sewer_entry_e, reono_crystal_passage, uniq_pikel
D:6:      layout_basic, kennysheep_generic_room_3
D:7:      kennysheep_six_static_rooms, layout_loops_ring, serial_shops, shop,
          nicolae_take_the_stairs, nicolae_stop_n_shop_2,
          nicolae_shop_advertising_works [nicolae_subvault_shop_adworks],
          nicolae_shop_trees, hangedman_abyss_or_decor_stabs, nrook_campfire,
          hangedman_minor_gate_pass, uniq_menkaure, uniq_duvessa
Temple:   dpeg_chambers_temple

Skill      XL: |  1  2  3  4  5  6  7  8  9 |
---------------+----------------------------+-----
Spellcasting   | 1 2 3 4 5 |  5.3
Fighting       | 2 3 4 5 7 |  7.2
Unarmed Combat | 1 2 3 4 5 |  5.6
Staves         | 2 5 8 |  8.2
Long Blades    | 1 |  1.0
Dodging        | |  2.3
Stealth        | |  1.3
Evocations     | |  3.2

Action                   |  1- 3 |  4- 6 |  7- 9 | 10-12 || total
-------------------------+-------+-------+-------+-------++-------
Melee: Unarmed           |   107 |   101 |       |       ||   208
       Constrict         |    19 |    28 |    44 |     3 ||    94
       Tentacles         |    26 |    22 |    46 |     1 ||    95
       Punch             |     3 |     3 |    12 |       ||    18
       Falchion          |       |     9 |       |       ||     9
       Quarterstaff      |       |     8 |   216 |    10 ||   234
Evoke: Wand              |       |    14 |     5 |     4 ||    23
 Stab: Sleeping          |    15 |    10 |    10 |       ||    35
       Distracted        |       |       |     1 |       ||     1
Armor: Skin              |    10 |    22 |    47 |     7 ||    86
Dodge: Dodged            |    58 |    92 |   153 |     8 ||   311
